 Dungeon Crawl Stone Soup version 0.26-a0-1222-g14533b3512 (webtiles) character file.

Game seed: 8330461234880993537

2598 teolandon225 the Cleaver (level 9, -6/77 (80) HPs)
             Began as a Minotaur Berserker on Jan 1, 2021.
             Was an Elder of Trog.
             Mangled by a cyclops (33 damage)
             ... on level 7 of the Dungeon.
             The game lasted 00:13:34 (6546 turns).

teolandon225 the Cleaver (Minotaur Berserker)       Turns: 6546, Time: 00:13:34

HP:   -6/77 (80)    AC: 14    Str: 25    XL:     9   Next: 33%
MP:   8/8           EV: 11    Int:  4    God:    Trog [****..]
Gold: 428           SH:  0    Dex: 10    Spells: 8/8 levels left

rFire    . . .     SeeInvis .   a - +1 hand axe
rCold    . . .     Faith    .   (no shield)
rNeg     . . .     Spirit   .   o - +4 chain mail
rPois    .         Reflect  .   (helmet restricted)
rElec    .         Harm     +   x - scarf {harm}
rCorr    .         Rampage  .   (no gloves)
Will     .....                  (no boots)
Stlth    ..........             (no amulet)
HPRegen  0.22/turn              m - ring of wizardry
MPRegen  0.11/turn              (no ring)

@: lightly drained
A: retaliatory headbutt, horns 2
a: Renounce Religion, Berserk, Trog's Hand, Brothers in Arms


You were on level 7 of the Dungeon.
You worshipped Trog.
Trog was greatly pleased with you.
You visited 1 branch of the dungeon, and saw 7 of its levels.
You also visited: Sewer.

You collected 428 gold pieces.

Inventory:

Hand Weapons
 a - a +1 hand axe (weapon)
Missiles
 r - 7 boomerangs
Armour
 b - a +0 animal skin
 o - a +4 chain mail (worn)
 x - a scarf of harm (worn)
Jewellery
 m - a ring of wizardry (left hand)
 y - an uncursed ring of flight
Wands
 p - a wand of random effects (25)
 w - a wand of flame (25)
 z - a wand of enslavement (20)
Scrolls
 c - 2 scrolls of amnesia {unknown}
 e - 3 scrolls of fog
 f - a scroll of enchant weapon
 h - a scroll of remove curse
 i - 2 scrolls of blinking
 q - 9 scrolls of teleportation
 t - 2 scrolls of identify
 v - 2 scrolls of enchant armour
Potions
 d - 3 potions of might
 g - a potion of resistance {unknown}
 j - 2 potions of heal wounds
 k - 8 potions of curing
 l - 2 potions of attraction
 n - a potion of magic
 s - 2 potions of mutation
 u - a potion of haste {unknown}


   Skills:
 + Level 7.7 Fighting
 * Level 10.2 Axes
 + Level 7.2 Armour
 + Level 6.6 Dodging


You had 8 spell levels left.
You didn't know any spells.
Your spell library was empty.

Dungeon Overview and Level Annotations

Branches:
Dungeon (7/15)             Temple (0/1) D:6           Sewer (visited)

Altars:
Elyvilon
Uskayaw

Shops:
D:4 :


Innate Abilities, Weirdness & Mutations

You reflexively headbutt those who attack you in melee.
You have a pair of horns on your head.


Message History

You hit the cyclops.
The cyclops is lightly wounded.
The cyclops hits you!!
You hit the cyclops but do no damage.
You headbutt the cyclops, but do no damage.
The cyclops is lightly wounded.
You hit the cyclops.
You headbutt the cyclops, but do no damage.
The cyclops is lightly wounded.
The cyclops hits you but does no damage.
You hit the cyclops but do no damage.
The cyclops is lightly wounded.
You hit the cyclops. You headbutt the cyclops.
The cyclops is moderately wounded.
The cyclops completely misses you.
The jelly jiggles.
You hit the cyclops but do no damage. You headbutt the cyclops!
The cyclops is heavily wounded.
The cyclops hits you!!
You die...

#.......# ###......###
##....#.....#####
#....##......#...
###.>...........[
##.##......##..
##............
#..#########............
...>sJC@.....(...#......
#..####....##..<##......
#..#......##......
#.#####...##...... ###
### #..##.....) #<#
#..#...... #.##
#.......[ #..###
#........ ##...#
#######..


You could see a cyclops, a scorpion and a jelly.

Vanquished Creatures
  Grinder (D:3)
  A steam dragon (D:7)
  A water moccasin (D:7)
  A black bear (D:7)
  A phantom (D:6)
  A sky beast (D:6)
  2 ogres
  A centaur (D:3)
  2 big kobolds (Sewer)
  2 bullfrogs (D:6)
  A water moccasin skeleton (D:3)
  5 wights (D:7)
  4 killer bees (D:4)
  A howler monkey (D:6)
  A jelly (D:6)
  An orc priest (D:5)
  8 orc wizards
  Ijyb (D:3)
  An iguana (D:7)
  5 worker ants
  A hound skeleton (D:4)
  3 worker ant zombies (D:5)
  12 adders
  2 river rats (Sewer)
  3 shadow imps (D:5)
  3 white imps
  2 oozes (Sewer)
  An adder zombie (D:7)
  2 dart slugs (D:1)
  6 worms
  14 leopard geckos
  17 orcs
  3 ball pythons
  12 bats
  14 giant cockroaches
  12 goblins
  8 hobgoblins
  2 jackals (D:2)
  10 kobolds
  5 quokkas
  5 frilled lizards
  5 rats
183 creatures vanquished.

Vanquished Creatures (others)
  A bullfrog (D:7)
1 creature vanquished.

Grand Total: 184 creatures vanquished

Notes
Turn   | Place    | Note
-------+----------+-------------------------------------------
     0 | D:1      | teolandon225 the Minotaur Berserker began the quest for the
                  | Orb.
     0 | D:1      | Reached XP level 1. HP: 19/19 MP: 0/0
   188 | D:1      | Reached XP level 2. HP: 24/27 MP: 1/1
   221 | D:1      | Reached skill level 4 in Axes
   483 | D:1      | Reached XP level 3. HP: 30/33 MP: 2/2
  1410 | D:2      | Reached ** piety under Trog
  1555 | D:2      | Reached XP level 4. HP: 40/40 MP: 3/3
  2119 | D:3      | Noticed Ijyb
  2140 | D:3      | Killed Ijyb
  2141 | D:3      | Reached skill level 5 in Axes
  2207 | D:3      | Reached XP level 5. HP: 41/47 MP: 4/4
  2386 | D:3      | Found a faded altar of an unknown god.
  2543 | D:3      | Noticed a centaur
  2553 | D:3      | Killed a centaur
  2554 | D:3      | Reached skill level 5 in Fighting
  2554 | D:3      | Reached skill level 6 in Axes
  2554 | D:3      | Reached XP level 6. HP: 33/56 MP: 5/5
  2708 | D:3      | Reached *** piety under Trog
  2722 | D:3      | Found a hide-covered altar of Uskayaw.
  2924 | D:3      | Noticed Grinder
  2930 | D:3      | Paralysed by Grinder for 2 turns
  2937 | D:3      | Killed Grinder
  2938 | D:3      | Reached XP level 7. HP: 54/61 MP: 6/6
  3220 | D:4      | Reached skill level 7 in Axes
  3399 | D:4      | Reached skill level 5 in Armour
  3951 | D:4      | Found Caampy Soji's Book Shop.
  4115 | D:5      | Entered Level 5 of the Dungeon
  4249 | D:5      | Reached skill level 5 in Dodging
  4259 | D:5      | Found a glowing drain.
  4276 | Sewer    | Entered a sewer
  4285 | Sewer    | Reached XP level 8. HP: 69/70 MP: 7/7
  4383 | Sewer    | Reached skill level 8 in Axes
  4518 | Sewer    | Reached **** piety under Trog
  5086 | D:5      | Found a white marble altar of Elyvilon.
  5472 | D:6      | Reached skill level 9 in Axes
  5595 | D:6      | Found a staircase to the Ecumenical Temple.
  6405 | D:7      | Reached XP level 9. HP: 77/79 MP: 8/8
  6446 | D:7      | Reached skill level 10 in Axes
  6535 | D:7      | Noticed a cyclops
  6546 | D:7      | Mangled by a cyclops

Illustrated notes

Levels and vault maps discovered:
D:1:      scummos_arrival_simple_crosswalls, layout_basic, lemuel_old_faithful
D:2:      layout_basic, guppyfry_early_orc_mine
D:3:      layout_loops_ring, eat_drink_and_be_merry_uskayaw,
          chequers_ecumenical_altar_lobes, minmay_diced_spiral, uniq_grinder,
          uniq_ijyb
D:4:      layout_rooms, serial_shops, shop
D:5:      layout_cave_pools, gup_sewer_entry_pipe, elyvilon_altar_1
D:6:      layout_loops_cross, minmay_temple_entry_sparse_star
D:7:      minmay_polygon_palace, layout_cave_pools, serial_shops,
          kennysheep_little_box, tgw_xom

Skill      XL: |  1  2  3  4  5  6  7  8  9 |
---------------+----------------------------+-----
Axes           | 4 5 6 7 9 10 | 10.2
Fighting       | 4 5 6 7 |  7.7
Armour         | 3 4 5 6 7 |  7.2
Dodging        | 3 4 5 6 |  6.6

Action                   |  1- 3 |  4- 6 |  7- 9 || total
-------------------------+-------+-------+-------++-------
Melee: Hand axe          |    70 |   137 |   339 ||   546
       Headbutt          |    11 |    26 |    53 ||    90
Invok: Berserk           |       |     1 |     4 ||     5
       Trog's Hand       |       |       |     2 ||     2
  Use: Scroll            |       |       |    16 ||    16
       Potion            |       |       |     2 ||     2
 Stab: Sleeping          |     1 |       |       ||     1
Armor: Animal skin       |     7 |       |       ||     7
       Chain mail        |    18 |    82 |   171 ||   271
Dodge: Dodged            |    48 |    62 |   185 ||   295

Table legend: (Time is in decaauts)
 A = Elapsed time spent in this place.
 B = Non-inter-level travel time spent in this place.
 C = Inter-level travel time spent in this place.
 D = Time resting spent in this place.
 E = Time spent auto-exploring this place.
 F = Levels seen in this place.
 G = Mean time per level.
                   A        B        C        D        E       F      G
               +--------+--------+--------+--------+--------+-----+--------+
         Total |   6680 |   6367 |    313 |    243 |   4657 |   8 |  835.0 |
       Dungeon |   6039 |   5726 |    313 |    200 |   4350 |   7 |  862.7 |
         Sewer |    640 |    640 |      0 |     43 |    306 |   1 |  640.0 |
               +--------+--------+--------+--------+--------+-----+--------+

Top non-repeatable levels by time:
     D:2: 1148 daAuts
     D:3: 1058 daAuts
     D:4: 1013 daAuts
     D:1: 976 daAuts
     D:6: 895 daAuts
     D:5: 723 daAuts
   Sewer: 640 daAuts
     D:7: 224 daAuts
